 Dungeon Crawl Stone Soup version 0.23.2-1-ga50397a (webtiles) character file.

Game seed: 3281194495903020087

7644 Fang the Fighter (level 11, -15/72 HPs)
             Began as a Gargoyle Berserker on Apr 25, 2019.
             Was a High Priest of Trog.
             Demolished by Rupert
             ... wielding a +7 battleaxe of freezing
              (28 damage)
             ... on level 13 of the Dungeon.
             The game lasted 00:08:17 (9418 turns).

Fang the Fighter (Gargoyle Berserker)               Turns: 9418, Time: 00:08:18

Health: -15/72     AC: 27    Str: 23    XL:     11   Next: 18%
Magic:  11/11      EV: 10    Int:  9    God:    Trog [*****.]
Gold:   597        SH:  0    Dex:  9    Spells: 10/10 levels left

rFire    . . .     SeeInvis .   y - +2 war axe (freeze)
rCold    . . .     Gourm    +   (no shield)
rNeg     + . .     Faith    .   b - +2 plate armour
rPois    ∞         Spirit   .   (no helmet)
rElec    +         Reflect  .   (no cloak)
rCorr    .         Harm     .   (no gloves)
MR       .....                  (no boots)
Stlth    ..........             u - amulet of the gourmand
HPRegen  0.22/turn              p - +3 ring of protection
MPRegen  0.12/turn              (no ring)

@: about to teleport, berserk cooldown, slowed, very slow
A: negative energy resistance 1, electricity resistance, unbreathing,
petrification resistance, rot immunity, AC +8
a: Berserk, Trog's Hand, Brothers in Arms, Renounce Religion


You were on level 13 of the Dungeon.
You worshipped Trog.
Trog was extremely pleased with you.
You were very full.

You visited 2 branches of the dungeon, and saw 12 of its levels.

You collected 597 gold pieces.

Inventory:

Hand Weapons
 a - a +0 vampiric war axe
 y - a +2 war axe of freezing (weapon)
Armour
 b - a +2 plate armour (worn)
 E - the +4 chain mail "Amoaw" {Str+4 Slay-2}
   (You found it on level 8 of the Dungeon)

   It affects your strength (+4).
   It affects your accuracy and damage with ranged weapons and melee attacks
   (-2).
Jewellery
 p - a +3 ring of protection (left hand)
 u - an amulet of the gourmand (around neck)
Wands
 D - a wand of flame (34)
 F - a wand of iceblast (7)
Scrolls
 e - a scroll of fog
 g - 3 scrolls of blinking
 i - 2 scrolls of fear
 j - a scroll of identify
 k - 3 scrolls of teleportation
Potions
 f - 3 potions of flight
 l - 6 potions of heal wounds
 m - 3 potions of invisibility
 n - 3 potions of curing
 o - a potion of resistance
 v - a potion of ambrosia
 x - 4 potions of brilliance
 z - a potion of haste
 G - a potion of berserk rage
Comestibles
 c - 21 rations
 d - 3 chunks of flesh


   Skills:
 + Level 9.9 Fighting
 + Level 8.2 Axes
 + Level 9.6 Armour
 + Level 7.3 Dodging


You had 10 spell levels left.
You didn't know any spells.
Your spell library was empty.

Dungeon Overview and Level Annotations

Branches:
Dungeon (10/15)            Temple (1/1) D:5             Orc (0/2) D:9
   Lair: D:8-11

Altars:
Trog
Uskayaw
Xom

Shops:
D:4 %   D:9 [

Annotations:
D:13 Rupert, Urug


Innate Abilities, Weirdness & Mutations

You are resistant to torment.
Your stone body is resilient. (AC +8)
You are immune to poison.
You resist negative energy. (rN+)
You are resistant to electric shocks. (rElec)
You can survive without breathing.
You are immune to petrification.
You are immune to rotting.


Message History

Rupert freezes you.
* * * LOW HITPOINT WARNING * * *
The human hits you but does no damage.
You bump into the rock wall.
You feel less confused. Rupert hits you but does no damage. The human hits you.
* * * LOW HITPOINT WARNING * * *
You feel much better. Rupert hits you but does no damage.
The human hits you but does no damage. Rupert hits you but does no damage.
The human hits you.
As you read the scroll of teleportation, it crumbles to dust.
You feel strangely unstable.
Rupert hits you with a +7 battleaxe of freezing!
* * * LOW HITPOINT WARNING * * *
Rupert freezes you.
* * * LOW HITPOINT WARNING * * *
The human hits you.
* * * LOW HITPOINT WARNING * * *
Rupert hits you with a +7 battleaxe of freezing!!
You die...

.............
..p.....p....##
Yp5...o.....$#
pp...w.......#
#Y##.........#
#9##?K.......#
#@##Ylp......#
#.@pYcK......#
####op.......#
#..?......#
#.........#
......######
########


You could see Rupert (berserk), Urug, a centaur warrior, 4 yaks, 7 humans, a
gargoyle, an iguana shaped shifter and 2 kobolds.

Vanquished Creatures
  2 two-headed ogres (D:9)
  A wolf spider zombie (D:9)
  A troll (D:10)
  2 hippogriffs
  Sigmund (D:4)
  7 yaks
  5 humans (D:13)
  A wyvern (D:10)
  A water moccasin (D:7)
  A black bear (D:9)
  An ice beast (D:9)
  2 orc warriors (D:9)
  A hornet zombie (D:9)
  2 phantoms (D:9)
  A necrophage (D:9)
  6 ogres
  4 centaurs
  A big kobold (D:13)
  3 bullfrogs
  A scorpion (D:8)
  4 killer bees
  3 wights (D:7)
  A howler monkey (D:7)
  A crimson imp (D:3)
  5 hounds
  4 jellies
  3 iguanas
  3 orc priests
  2 centaur skeletons
  A gnoll shaman (D:6)
  8 worker ants
  A killer bee zombie (D:9)
  A hound skeleton (D:5)
  A worker ant zombie (D:9)
  8 gnolls (D:6)
  10 adders
  6 shadow imps
  An ooze (D:6)
  2 adder skeletons
  A worm (D:3)
  A dart slug (D:1)
  7 leopard geckos
  18 orcs
  2 giant cockroaches
  4 goblins
  6 hobgoblins
  10 jackals
  A quokka (D:8)
  2 ball pythons (D:3)
  10 bats
  4 frilled lizards
  6 kobolds
  2 leopard gecko skeletons
  10 rats
193 creatures vanquished.

Notes
Turn   | Place    | Note
-------+----------+-------------------------------------------
     0 | D:1      | Fang the Gargoyle Berserker began the quest for the Orb.
     0 | D:1      | Reached XP level 1. HP: 14/14 MP: 1/1
   153 | D:1      | Reached XP level 2. HP: 4/19 MP: 2/2
  1026 | D:1      | Reached XP level 3. HP: 21/23 MP: 3/3
  1447 | D:2      | Reached ** piety under Trog
  1568 | D:2      | Reached XP level 4. HP: 15/29 MP: 4/4
  2374 | D:3      | Found a faded altar of an unknown god.
  2378 | D:3      | Reached XP level 5. HP: 33/33 MP: 5/5
  2836 | D:3      | Reached *** piety under Trog
  3075 | D:4      | Noticed an ogre
  3084 | D:4      | Killed an ogre
  3084 | D:4      | Reached XP level 6. HP: 39/39 MP: 6/6
  3398 | D:4      | Noticed Sigmund
  3425 | D:4      | Killed Sigmund
  3425 | D:4      | Reached skill level 5 in Fighting
  3425 | D:4      | Reached XP level 7. HP: 4/44 MP: 7/7
  3762 | D:4      | Found Piveq's Food Boutique.
  3845 | D:5      | Entered Level 5 of the Dungeon
  3990 | D:5      | Found a staircase to the Ecumenical Temple.
  4006 | Temple   | Entered the Ecumenical Temple
  4089 | D:5      | Found a hide-covered altar of Uskayaw.
  4499 | D:6      | Reached skill level 5 in Armour
  4802 | D:6      | Reached XP level 8. HP: 27/51 MP: 8/8
  5203 | D:6      | Reached skill level 5 in Axes
  5960 | D:7      | Reached **** piety under Trog
  5969 | D:7      | Noticed a hippogriff
  5977 | D:7      | Killed a hippogriff
  6442 | D:7      | Reached XP level 9. HP: 20/56 MP: 9/9
  6625 | D:7      | Reached skill level 5 in Dodging
  7202 | D:8      | Found a shimmering altar of Xom.
  7385 | D:8      | Got a warped chain mail
  7396 | D:8      | Identified the +4 chain mail "Amoaw" {Str+4 Slay-2} (You
                  | found it on level 8 of the Dungeon)
  7522 | D:9      | Noticed a two-headed ogre
  7530 | D:9      | Killed a two-headed ogre
  7530 | D:9      | Reached XP level 10. HP: 64/64 MP: 10/10
  7672 | D:9      | Found a staircase to the Orcish Mines.
  7675 | D:9      | Found Zucrit's Armour Emporium.
  8016 | D:9      | Noticed a two-headed ogre
  8024 | D:9      | Killed a two-headed ogre
  9026 | D:10     | Entered Level 10 of the Dungeon
  9035 | D:10     | Found a bloodstained altar of Trog.
  9255 | D:10     | Reached XP level 11. HP: 69/71 MP: 11/11
  9375 | D:10     | You fall through a shaft for 3 floors!
  9379 | D:13     | Noticed Urug
  9396 | D:13     | Reached ***** piety under Trog
  9397 | D:13     | Noticed a centaur warrior
  9401 | D:13     | Noticed Rupert
  9418 | D:13     | Demolished by Rupert

Skill      XL: |  1  2  3  4  5  6  7  8  9 10 |
---------------+-------------------------------+-----
Axes           | 3 4 5 6 8 |  8.2
Dodging        | 2 3 4 5 7 |  7.3
Armour         | 3 4 5 6 7 9 |  9.6
Fighting       | 4 5 6 8 9 |  9.9

Action                   |  1- 3 |  4- 6 |  7- 9 | 10-12 || total
-------------------------+-------+-------+-------+-------++-------
Melee: Hand axe          |    86 |   165 |       |       ||   251
       War axe           |       |    51 |   285 |   199 ||   535
Invok: Berserk           |     3 |     3 |     3 |     3 ||    12
  Use: Scroll            |       |       |       |    24 ||    24
       Potion            |       |       |       |     1 ||     1
  Eat: Chunk             |     4 |    14 |    25 |     9 ||    52
Armor: Animal skin       |    38 |   104 |   111 |       ||   253
       Chain mail        |       |       |    36 |    40 ||    76
       Plate armour      |       |       |       |   160 ||   160
Dodge: Dodged            |    76 |   156 |   220 |   130 ||   582
